 Dungeon Crawl Stone Soup version 0.31-a0-466-g98c9adc2b6 (webtiles) character file.

Game seed: 11063092770496458010

10341 Xavori the Covert (level 11, -6/87 HPs)
             Began as an Octopode Chaos Knight on Aug 5, 2023.
             Was a Plaything of Xom.
             Mangled by a komodo dragon (19 damage)
             ... on level 10 of the Dungeon.
             The game lasted 00:15:45 (16666 turns).

Xavori the Covert (Octopode Chaos Knight)          Turns: 16666, Time: 00:15:46

Health: -6/87      AC: 10    Str:  8    XL:     11   Next: 60%
Magic:  11/11      EV: 15    Int: 18    God:    Xom [..*...]
Gold:   685        SH:  5    Dex: 14    Spells: 10/10 levels left

rFire   . . .        t - +8 dagger (protect)
rCold   . . .        v - +0 buckler
rNeg    . . .        (helmet restricted)
rPois   .            (no amulet)
rElec   .            (no ring)
rCorr   .            (no ring)
SInv    .            (no ring)
Will    .....        (no ring)
Stlth   ++++++       (no ring)
HPRegen 0.34/turn    (no ring)
MPRegen 0.12/turn    (no ring)
                     (no ring)

%: no passive effects
@: under a protective aura
A: almost no armour, amphibious, 8 rings, camouflage 1, gelatinous body 1,
(nimble swimmer 1), tentacles, tentacle spike 2, iridescent scales 1, clever 1,
clumsy 1, passive freeze, sense surroundings 1, robust 2, weak 1, wild magic 2,
MP-powered wands
a: Renounce Religion


You were on level 10 of the Dungeon.
You worshipped Xom.
You were a toy of Xom.
You visited 1 branch of the dungeon, and saw 10 of its levels.
You also visited: Bailey.

You collected 1615 gold pieces.
You spent 930 gold pieces at shops.

Inventory:

Hand Weapons
 a - a +0 short sword of chaos
 f - a +0 short sword of venom
 t - a +8 dagger of protection (weapon)
Armour
 v - a +0 buckler (worn)
Talismans
 w - a blade talisman
Wands
 j - a wand of light (4)
 m - a wand of flame (39)
 u - a wand of paralysis (7)
 B - a wand of mindburst (8)
 E - a wand of roots (12)
Scrolls
 b - a scroll of butterflies
 d - 2 scrolls of amnesia
 e - 3 scrolls of immolation
 g - 4 scrolls of teleportation
 k - a scroll of vulnerability
 n - 5 scrolls of fear
 x - 2 scrolls of brand weapon
 y - a scroll of poison
 C - a scroll of blinking
 F - a scroll of identify
 G - 2 scrolls of fog
 I - a scroll of enchant armour {unknown}
Potions
 c - 2 potions of lignification
 h - 2 potions of attraction {unknown}
 i - 2 potions of magic {unknown}
 l - 6 potions of curing
 o - a potion of cancellation {unknown}
 p - 6 potions of mutation
 q - 4 potions of ambrosia
 r - 4 potions of brilliance
 s - 4 potions of haste
 z - 2 potions of invisibility
 A - 3 potions of might
 D - a potion of heal wounds
 H - a potion of enlightenment {unknown}
Miscellaneous
 J - a lightning rod (4/4)


   Skills:
 + Level 6.3 Fighting
 + Level 9.2 Short Blades
 + Level 7.2 Dodging
 + Level 13.2 Stealth
 * Level 6.5 Shields
 * Level 2.3 Evocations
 * Level 4.7 Shapeshifting


You had 10 spell levels left.
You didn't know any spells.
Your spell library contained the following spells:

 Spells                   Type           Power      Damage    Failure   Level
 Sting                    Tmut/Pois      0%         1d3       50%         1
 Poisonous Vapours        Pois/Air       0%         N/A       61%         2
 Sublimation of Blood     Necr           0%         N/A       61%         2
 Call Canine Familiar     Summ           0%         N/A       82%         3
 Portal Projectile        Hex/Tloc       0%         N/A       82%         3
 Tukima's Dance           Hex            0%         N/A       82%         3
 Vhi's Electric Charge    Tloc/Air       0%         N/A       82%         3
 Leda's Liquefaction      Hex/Erth       0%         N/A       99%         4
 Olgreb's Toxic Radiance  Pois           0%         N/A       99%         4
 Passage of Golubria      Tloc           0%         N/A       99%         4
 Petrify                  Tmut/Erth      0%         N/A       99%         4
 Arcjolt                  Conj/Air       0%         1d10      100%        5
 Irradiate                Conj/Tmut      0%         3d11      100%        5
 Yara's Violent Unravell  Hex/Tmut       0%         3d3       100%        5
 Plasma Beam              Fire/Air       0%         2x1d10    100%        6


Dungeon Overview and Level Annotations

Branches:
Dungeon (10/15)            Temple (0/1) D:4          Bailey (visited)
   Lair: D:8-11         Orc: D:9-12

Altars:
Elyvilon
Fedhas
Gozag
Hepliaklqana
Kikubaaqudgha
Makhleb
Nemelex Xobeh
Uskayaw
Xom
Zin

Shops:
D:3 [:?[   D:5 (   D:8 [*   D:9 ?


Innate Abilities, Weirdness & Mutations

You cannot wear most types of armour.
You are amphibious.
You can wear up to eight rings at the same time.
Your skin changes colour to match your surroundings (Stealth+).
Your rubbery body absorbs attacks. (AC +1, EV +1)
((You are camouflaged when in or above water. (Stealth+)))
You have tentacles for arms and can constrict up to eight enemies at once.
One of your tentacles bears a nasty spike.
You are partially covered in iridescent scales. (AC +2)
Your mind is acute. (Int +4, Str/Dex -1)
You are clumsy. (Dex -2)
A frigid envelope surrounds you and freezes all who hurt you.
You passively map a small area around you.
You are very robust. (+20% HP)
You are weak. (Str -2)
Your spells are harder to cast, but more powerful.
You expend magic power (3 MP) to strengthen your wands.


Message History

You hit the komodo dragon.
Your weapon exudes an aura of protection.
You pierce the komodo dragon, but do no damage.
You squeeze the komodo dragon, but do no damage.
The komodo dragon is lightly wounded.
You hit the komodo dragon.
You pierce the komodo dragon.
Your squeeze misses the komodo dragon.
The komodo dragon is moderately wounded.
The komodo dragon misses you.
You completely miss the komodo dragon.
Your tentacle spike misses the komodo dragon.
You squeeze the komodo dragon.
The komodo dragon is moderately wounded.
Your butterfly disappears in a puff of smoke!
The komodo dragon bites you!!
The komodo dragon is very cold.
The komodo dragon seems to slow down.
The komodo dragon is moderately wounded.
You closely miss the komodo dragon.
You pierce the komodo dragon, but do no damage.
The komodo dragon is moderately wounded.
You hit the komodo dragon but do no damage.
The komodo dragon is moderately wounded.
You hit the komodo dragon.
You pierce the komodo dragon, but do no damage.
You squeeze the komodo dragon.
The komodo dragon is heavily wounded.
The komodo dragon is no longer moving slowly.
The komodo dragon bites you!!
* * * LOW HITPOINT WARNING * * *
The komodo dragon is very cold.
The komodo dragon is severely wounded.
You puncture the komodo dragon!
Your tentacle spike misses the komodo dragon.
The komodo dragon is almost dead.
Your butterfly disappears in a puff of smoke!
You closely miss the komodo dragon.
You pierce the komodo dragon, but do no damage.
The komodo dragon is almost dead.
The komodo dragon bites you!!
You die...

. , ,, * , .. , , , , ,
.. ,, , * ** , ..,, ,,,
* * , . , ** , ,, * , *
. * ,, , * , ### ######*
** ## * * *
#.####.#.†### ###)## ,
......###.#.# #@...# *
###........######l.##* *
*
.##.#........b.#....##.
######.##..l...........#
####.#...b......§...
,,..####...#...(##.. *
### * ##.#....#.. . * ,
*, * ###.###.### * * **
*## *## *


You could see a komodo dragon.

Vanquished Creatures
  An orc knight (Bailey)
  A wizard (D:9)
  2 cyclopes (D:9)
  2 kobold demonologists (Bailey)
  Maggie (D:7)
  2 komodo dragons (D:10)
  A troll (D:9)
  A slime creature (D:9)
  Sigmund (D:2)
  4 yaks (D:9)
  A spriggan (D:10)
  2 wyverns
  3 basilisks
  A human (D:10)
  Menkaure (D:7)
  2 steam dragons (D:7)
  An acid dragon (D:10)
  2 water moccasins (D:6)
  15 orc warriors (Bailey)
  A black bear (D:4)
  A sky beast (D:7)
  2 boggarts (D:9)
  An ogre (D:5)
  4 centaurs
  3 kobold brigands
  2 bullfrogs
  4 scorpions
  15 killer bees (D:9)
  4 electric eels (Bailey)
  A jelly (D:6)
  3 orc priests
  5 hounds
  3 sleepcaps
  2 gnoll boudas
  2 iguanas (D:5)
  7 orc wizards
  Robin (D:4)
  9 adders
  12 gnolls
  2 shadow imps (D:7)
  2 white imps (D:6)
  2 ufetubi (D:6)
  3 worms
  6 dart slugs
  47 orcs
  5 endoplasms
  3 giant cockroaches (D:3)
  22 goblins
  13 hobgoblins
  10 jackals
  4 quokkas
  8 ball pythons
  13 bats
  4 frilled lizards
  14 kobolds
  7 rats
291 creatures vanquished.

Vanquished Creatures (others)
  A shadow imp (D:5)
  An orc (D:8)
  A quokka (D:6)
3 creatures vanquished.

Grand Total: 294 creatures vanquished

Notes
Turn   | Place    | Note
-------+----------+-------------------------------------------
     0 | D:1      | Xavori the Octopode Chaos Knight began the quest for the
                  | Orb.
     0 | D:1      | Reached XP level 1. HP: 16/16 MP: 1/1
    30 | D:1      | XOM: silly message
    65 | D:1      | Reached XP level 2. HP: 2/21 MP: 2/2
  1414 | D:1      | XOM is BORED!
  1414 | D:1      | XOM: noise
  1549 | D:1      | XOM: 4-stop teleportation journey
  1770 | D:1      | Reached XP level 3. HP: 26/26 MP: 3/3
  1989 | D:1      | XOM: divination: detect items
  2252 | D:1      | XOM: give mutations
  2252 | D:1      | Gained mutation: Your magical capacity is low. (-10% MP)
                  | [Xom's mischief]
  2252 | D:1      | Gained mutation: One of your tentacles bears a spike.
                  | [Xom's mischief]
  2252 | D:1      | Gained mutation: You are clumsy. (Dex -2) [Xom's mischief]
  2252 | D:1      | Gained mutation: You are strong-willed. (Will+) [Xom's
                  | mischief]
  2362 | D:1      | XOM: god gift: falchion {god gift}
  3173 | D:1      | XOM: give mutations
  3173 | D:1      | Gained mutation: Your spells are a little harder to cast,
                  | but a little more powerful. [Xom's mischief]
  3173 | D:1      | Gained mutation: Your magical capacity is very low. (-20%
                  | MP) [Xom's mischief]
  3173 | D:1      | Lost mutation: One of your tentacles bears a spike. [Xom's
                  | mischief]
  3240 | D:1      | XOM is BORED!
  3240 | D:1      | XOM: summons 1 hostile demon
  3627 | D:1      | XOM: scenery: summon butterflies
  3949 | D:1      | XOM: cloud trail
  3993 | D:1      | XOM: scenery: create altars
  4253 | D:1      | XOM: give mutations
  4253 | D:1      | Gained mutation: One of your tentacles bears a spike.
                  | [Xom's grace]
  4253 | D:1      | Gained mutation: You expend magic power (3 MP) to
                  | strengthen your wands. [Xom's grace]
  4535 | D:1      | XOM: cloud trail
  4557 | D:1      | XOM: silly message
  5202 | D:1      | XOM: silly message
  5226 | D:1      | XOM: silly message
  5459 | D:1      | XOM: give mutations
  5459 | D:1      | Lost mutation: Your magical capacity is very low. (-20% MP)
                  | [Xom's mischief]
  5459 | D:1      | Gained mutation: A frigid envelope surrounds you and
                  | freezes all who hurt you. [Xom's mischief]
  5459 | D:1      | Lost mutation: Your magical capacity is low. (-10% MP)
                  | [Xom's mischief]
  5459 | D:1      | Gained mutation: You are somewhat resistant to further
                  | mutation. [Xom's mischief]
  5746 | D:1      | XOM: god gift: staff of fire
  5817 | D:1      | XOM: scenery: summon butterflies
  6551 | D:1      | XOM: cloud trail
  6882 | D:1      | XOM: give mutation
  6882 | D:1      | Gained mutation: You are robust. (+10% HP) [Xom's grace]
  7260 | D:1      | XOM: silly message
  7784 | D:1      | XOM: give mutation
  7784 | D:1      | Lost mutation: You are clumsy. (Dex -2) [Xom's grace]
  7819 | D:1      | XOM: god gift: wand of light (5)
  8113 | D:1      | XOM: god gift: 4 stones
  8268 | D:1      | XOM: scenery: create altars
  8355 | D:1      | XOM: give mutations
  8355 | D:1      | Gained mutation: You are somewhat resistant to both further
                  | mutation and mutation removal. [Xom's grace]
  8355 | D:1      | Lost mutation: You are somewhat resistant to both further
                  | mutation and mutation removal. [Xom's grace]
  8355 | D:1      | Lost mutation: You are somewhat resistant to further
                  | mutation. [Xom's grace]
  8355 | D:1      | Gained mutation: You have hidden genetic potential. [Xom's
                  | grace]
  8355 | D:1      | Gained mutation: You are very robust. (+20% HP) [Xom's
                  | grace]
  8355 | D:1      | Gained mutation: You are partially covered in iridescent
                  | scales. (AC +2) [Xom's grace]
  8364 | D:2      | Reached skill level 1 in Stealth
  8440 | D:2      | Reached XP level 4. HP: 36/37 MP: 4/4
  8522 | D:2      | Noticed Sigmund
  8532 | D:2      | Killed Sigmund
  8533 | D:2      | Reached skill level 4 in Stealth
  8533 | D:2      | Reached XP level 5. HP: 34/44 MP: 5/5
  8534 | D:2      | Gained mutation: One of your tentacles bears a nasty spike.
                  | [hidden potential]
  8620 | D:2      | Reached XP level 6. HP: 51/51 MP: 6/6
  8720 | D:2      | XOM: enchant monster (good)
  8725 | D:2      | XOM: god gift: 6 atropa-tipped darts
  9006 | D:2      | XOM: scenery: create altars
  9034 | D:3      | Found Wafazimi's Antique Armour Boutique.
  9084 | D:3      | XOM: polymorph rat -> jackal
  9122 | D:3      | Found Loifyod's Magic Scroll Emporium.
  9127 | D:3      | You fall into a shaft and drop 3 floors!
  9143 | D:6      | Found an ancient bone altar of Kikubaaqudgha.
  9225 | D:5      | Entered Level 5 of the Dungeon
  9238 | D:4      | Found a staircase to the Ecumenical Temple.
  9271 | D:3      | Noticed a +0 hand axe
  9272 | D:3      | Noticed a +0 hand axe
  9282 | D:3      | Found a hide-covered altar of Uskayaw.
  9308 | D:3      | Bought 3 scrolls of identify for 66 gold pieces
  9360 | D:3      | Found Xanea's Book Shop.
  9435 | D:3      | Found Aquogu's Armour Boutique.
  9658 | D:3      | XOM: polymorph jackal -> giant cockroach
  9695 | D:3      | Reached skill level 5 in Stealth
  9705 | D:3      | Reached skill level 5 in Short Blades
  9715 | D:3      | Found Puemeg's Distillery.
  9723 | D:3      | Bought a potion of curing for 33 gold pieces
  9750 | D:3      | Gained mutation: You passively map a small area around you.
                  | [hidden potential]
  9750 | D:3      | Lost mutation: You have hidden genetic potential. [hidden
                  | potential expressed]
  9867 | D:4      | Noticed a black bear
  9874 | D:4      | Killed a black bear
  9884 | D:4      | XOM: god gift: 4 stones
  9979 | D:4      | Reached XP level 7. HP: 56/56 MP: 7/7
 10004 | D:4      | Reached skill level 6 in Stealth
 10104 | D:4      | XOM: 6-stop teleportation journey
 10134 | D:4      | XOM: noise
 10143 | D:4      | Noticed Robin
 10152 | D:4      | Killed Robin
 10152 | D:4      | XOM: chaos upgrade
 10324 | D:4      | XOM: give mutations
 10324 | D:4      | Gained mutation: You are agile. (Dex +4, Str/Int -1) [Xom's
                  | grace]
 10324 | D:4      | Gained mutation: Your spells are harder to cast, but more
                  | powerful. [Xom's grace]
 10324 | D:4      | Gained mutation: Your mind is acute. (Int +4, Str/Dex -1)
                  | [Xom's grace]
 10410 | D:5      | XOM: divine lightning
 10428 | D:5      | XOM: smoke on damage
 10432 | D:5      | Reached skill level 7 in Stealth
 10482 | D:3      | Bought a potion of heal wounds for 55 gold pieces
 10482 | D:3      | Bought a potion of degeneration for 11 gold pieces
 10597 | D:5      | Found a burning altar of Makhleb.
 10711 | D:5      | Found a glowing silver altar of Zin.
 10711 | D:5      | Noticed an angel
 10757 | D:5      | Found an opulent altar of Gozag.
 10783 | D:5      | Reached XP level 8. HP: 64/64 MP: 8/8
 10894 | D:5      | Reached skill level 1 in Shields
 10947 | D:5      | Found Afiditio's Weapon Emporium.
 10980 | D:5      | Found a sparkling altar of Nemelex Xobeh.
 11171 | D:6      | XOM: torment (33/64 hp)
 11237 | D:6      | XOM: noise
 11238 | D:6      | XOM: stat loss: -1 Int (16/17)
 11314 | D:6      | Reached skill level 8 in Stealth
 11963 | D:6      | Found a white marble altar of Elyvilon.
 12188 | D:6      | XOM: summons 5 hostile demons
 12393 | D:7      | Reached skill level 9 in Stealth
 12436 | D:7      | Noticed Maggie
 12441 | D:7      | Killed Maggie
 12442 | D:7      | Reached skill level 1 in Shapeshifting
 12442 | D:7      | Reached XP level 9. HP: 72/72 MP: 9/9
 12461 | D:7      | Found a flagged portal.
 12471 | Bailey   | Entered a bailey
 12503 | Bailey   | Reached skill level 10 in Stealth
 12508 | Bailey   | Reached skill level 5 in Fighting
 12886 | Bailey   | XOM: 2-stop teleportation journey
 12924 | Bailey   | Noticed an orc knight
 12935 | Bailey   | Killed an orc knight
 12936 | Bailey   | Reached skill level 5 in Dodging
 12936 | Bailey   | Reached skill level 11 in Stealth
 12994 | Bailey   | Reached XP level 10. HP: 79/79 MP: 10/10
 13041 | Bailey   | Found the +3 greatsling "Punk" {acid, rCorr}
 13066 | Bailey   | XOM is BORED!
 13066 | Bailey   | XOM: silly message
 13214 | Bailey   | XOM: silly message
 13216 | Bailey   | XOM: enchant monster (bad)
 13290 | Bailey   | Found an iron altar of Okawaru.
 13292 | Bailey   | Noticed a kobold demonologist
 13299 | Bailey   | Killed a kobold demonologist
 13300 | Bailey   | Reached skill level 12 in Stealth
 13308 | Bailey   | Noticed a kobold demonologist
 13318 | Bailey   | Noticed a smoke demon
 13320 | Bailey   | Killed a kobold demonologist
 13615 | D:7      | Found a hazy altar of Hepliaklqana.
 13844 | D:7      | Noticed Menkaure
 13853 | D:7      | Killed Menkaure
 14039 | D:3      | XOM: give mutations
 14039 | D:3      | Lost mutation: Your spells are harder to cast, but more
                  | powerful. [Xom's mischief]
 14039 | D:3      | Gained mutation: Your spells are harder to cast, but more
                  | powerful. [Xom's mischief]
 14039 | D:3      | Lost mutation: You are agile. (Dex +4, Str/Int -1) [Xom's
                  | mischief]
 14050 | D:3      | Bought a scroll of teleportation for 33 gold pieces
 14050 | D:3      | Bought a scroll of torment for 104 gold pieces
 14098 | D:3      | Acquired 975 gold pieces
 14100 | D:3      | Bought a potion of might for 44 gold pieces
 14100 | D:3      | Bought a potion of invisibility for 88 gold pieces
 14100 | D:3      | Bought a potion of invisibility for 88 gold pieces
 14100 | D:3      | Bought a potion of mutation for 88 gold pieces
 14100 | D:3      | Bought a potion of lignification for 33 gold pieces
 14100 | D:3      | Bought a potion of heal wounds for 55 gold pieces
 14100 | D:3      | Bought a potion of brilliance for 44 gold pieces
 14349 | D:7      | XOM: cast spell 'Leda's Liquefaction'
 14351 | D:7      | Reached skill level 5 in Shields
 14534 | D:8      | XOM: potion effect (haste)
 14739 | D:8      | Found Ylank's General Store.
 14896 | D:8      | XOM: noise
 14933 | D:8      | Found Mayxoip's Armour Shop.
 14958 | D:8      | XOM is BORED!
 14958 | D:8      | XOM: silly message
 15005 | D:8      | XOM: silly message
 15017 | D:8      | Identified the +3 scale mail of the Kappa {rF- rC+ Str+3
                  | SInv}
 15043 | D:9      | XOM: give mutations
 15043 | D:9      | Gained mutation: You are clumsy. (Dex -2) [Xom's mischief]
 15043 | D:9      | Gained mutation: You are weak. (Str -2) [Xom's mischief]
 15043 | D:9      | Lost mutation: You are strong-willed. (Will+) [Xom's
                  | mischief]
 15099 | D:9      | XOM: polymorph bullfrog -> boggart
 15168 | D:9      | Found Wyplirol's Magic Scroll Shoppe.
 15177 | D:9      | Bought a scroll of enchant weapon for 97 gold pieces
 15177 | D:9      | Bought a scroll of teleportation for 39 gold pieces
 15177 | D:9      | Bought a scroll of fear for 52 gold pieces
 15211 | D:9      | XOM: 3-stop teleportation journey
 15220 | D:9      | XOM: fog
 15423 | D:9      | Reached XP level 11. HP: 78/86 MP: 11/11
 15452 | D:9      | XOM: summons 1 hostile demon
 15462 | D:9      | Reached skill level 13 in Stealth
 15523 | D:9      | Found a blossoming altar of Fedhas.
 15523 | D:9      | Noticed a cyclops
 15523 | D:9      | XOM: 5-stop teleportation journey
 15586 | D:9      | XOM: god gift: sedimented golden potion {god gift}
 15661 | D:9      | Noticed a wizard
 15664 | D:9      | Noticed a cyclops
 15680 | D:9      | Killed a wizard
 15700 | D:9      | Killed a cyclops
 15856 | D:9      | XOM: cleaving
 15858 | D:9      | XOM: silly message
 15869 | D:9      | Reached skill level 1 in Evocations
 15873 | D:9      | XOM: summons 3 friendly demons
 15938 | D:9      | XOM: silly message
 16104 | D:9      | XOM: blink monster(s)
 16107 | D:9      | XOM: silly message
 16168 | D:9      | Killed a cyclops
 16420 | D:10     | Entered Level 10 of the Dungeon
 16642 | D:10     | XOM: butterfly on damage
 16666 | D:10     | Mangled by a komodo dragon

Illustrated notes

Levels and vault maps discovered:
D:1:      dpeg_arrival_arbitrary_b, layout_rooms, roderic_lattice_a
D:2:      layout_basic, minmay_misc_feat_hallway, dk_noncrumbling_3,
          wander_ebering_terrifying_dragon_lair, uniq_sigmund
D:3:      layout_basic, dancing_weapons_uskayaw, serial_shops, shop, shop,
          nicolae_shop_peninsula, nicolae_shop_hallway_stairs,
          nicolae_shop_industrial_runoff, roderic_batcave
D:4:      layout_cave_pools, minmay_temple_entry_sparse_star, nrook_campfire,
          chequers_arboretum, uniq_robin
D:5:      layout_cave_pools, zin_angel, makhleb_blood_cavern_becter,
          lemuel_doored_altar, nemelex_xobeh_ov_fountains_minmay,
          nicolae_inconvenience_store
D:6:      layout_basic, elyvilon_altar_4, old_standard_altar,
          minmay_misc_feat_ornament, hangedman_glass_teeth, abandoned_shop
D:7:      layout_basic, lemuel_coloured_pillars_altar, enter_bailey_3,
          nicolae_the_louvre, uniq_menkaure, uniq_maggie
D:8:      layout_cave_pools, serial_shops, kennysheep_little_box,
          nicolae_shop_behind_doors
D:9:      minmay_bloctagon_deflated, layout_basic, fedhas_altar_fruit_tree,
          serial_shops, shop_fountains
D:10:     layout_big_octagon, tso_altar, erik_lair_dragon,
          gammafunk_ghost_cemetery, hangedman_stone_soup,
          minmay_fractal_squares_gapless_5

Skill      XL: |  1  2  3  4  5  6  7  8  9 10 11 |
---------------+----------------------------------+-----
Stealth        | 1 4 5 7 9 11 12 13 | 13.2
Short Blades   | 4 5 6 7 8 9 |  9.2
Dodging        | 3 4 5 6 7 |  7.2
Fighting       | 4 5 6 |  6.3
Shields        | 3 4 5 6 |  6.5
Shapeshifting  | 1 2 3 4 |  4.7
Evocations     | 2 |  2.3

Action                     |  1- 3 |  4- 6 |  7- 9 | 10-12 || total
---------------------------+-------+-------+-------+-------++-------
  Melee: Short sword       |    67 |    52 |       |       ||   119
         Constrict         |    20 |    21 |    41 |    65 ||   147
         Tentacles         |    13 |    14 |    44 |   101 ||   172
         Punch             |     2 |       |     3 |    10 ||    15
         Kick              |     3 |    25 |    60 |   169 ||   257
         Dagger            |       |    23 |   176 |   358 ||   557
  Evoke: Wand              |       |       |     2 |       ||     2
    Use: Scroll            |       |     7 |     4 |     9 ||    20
         Potion            |       |       |     1 |       ||     1
   Stab: Sleeping          |     4 |    11 |    23 |    12 ||    50
         Distracted        |       |       |     2 |       ||     2
 Armour: Skin              |     6 |    14 |    35 |    45 ||   100
  Dodge: Dodged            |    33 |    51 |    67 |   160 ||   311
  Block: Buckler           |       |       |    22 |    74 ||    96

Table legend: (Time is in decaauts)
 A = Elapsed time spent in this place.
 B = Non-inter-level travel time spent in this place.
 C = Inter-level travel time spent in this place.
 D = Time resting spent in this place.
 E = Time spent auto-exploring this place.
 F = Levels seen in this place.
 G = Mean time per level.
                   A        B        C        D        E       F      G
               +--------+--------+--------+--------+--------+-----+--------+
         Total |  16445 |  15989 |    456 |   8525 |   5703 |  11 | 1495.0 |
       Dungeon |  15487 |  15031 |    456 |   8091 |   5434 |  10 | 1548.7 |
        Bailey |    957 |    957 |      0 |    434 |    269 |   1 |  957.0 |
               +--------+--------+--------+--------+--------+-----+--------+

Top non-repeatable levels by time:
     D:1: 7805 daAuts
     D:9: 1341 daAuts
     D:6: 1237 daAuts
     D:2: 1211 daAuts
  Bailey: 957 daAuts
     D:7: 943 daAuts
     D:3: 834 daAuts
     D:5: 671 daAuts
     D:4: 621 daAuts
     D:8: 587 daAuts
    D:10: 232 daAuts
